 Dungeon Sprint DCSS version 0.23-a0-32-g1388f29 (webtiles) character file.

531717 raistware the End of an Era (level 22, 212/212 HPs)
             Began as a Formicid Fighter on Aug 4, 2018.
             Was the Champion of Qazlal.
             Escaped with the Orb!
             The game lasted 00:48:48 (6955 turns).

raistware the End of an Era (Formicid Fighter)      Turns: 6955, Time: 00:48:48

Health: 212/212    AC: 47    Str: 41    XL:     22   Next: 7%
Magic:  53/53      EV: 15    Int: 14    God:    Qazlal [******]
Gold:   0          SH: 44    Dex: 10    Spells: 57/58 levels left

rFire    + + .     SeeInvis +   G - +18 lance "Wyrmbane" {slay drac, rPois rF+ rC+ AC+3}
rCold    + + .     Gourm    .   F - +18 shield of the Gong {rElec rN+ MR+ EV-5}
rNeg     + . .     Faith    .   E - +9 gold dragon scales
rPois    +         Spirit   .   (helmet unavailable)
rElec    +         Reflect  +   z - +2 cloak
rCorr    .         Harm     .   v - +2 pair of gloves {Str+3}
MR       ++++.                  (no boots)
Stlth    ..........             n - +5 amulet of reflection
HPRegen  0.45/turn              M - ring of Oqeom {-Tele MP+9 Str+7}
MPRegen  0.33/turn              K - ring of Sloth {MR+ Str+2 Int+4 Stlth+}

@: repel missiles
A: permanent stasis, dig shafts and tunnels, four strong arms, antennae 3,
blurry vision 2, inhibited regeneration, sturdy frame 1
0: Orb of Zot
a: Dig, Upheaval, Elemental Force, Disaster Area, Renounce Religion


You escaped.
You worshipped Qazlal.
Qazlal was exalted by your worship.
You were not hungry.

You visited 1 branch

Inventory:

Hand Weapons
 G - the +18 lance "Wyrmbane" (weapon) {slay drac, rPois rF+ rC+ AC+3}
   (You found it in the Dungeon)

   It affects your AC (+3).
   It protects you from fire.
   It protects you from cold.
   It protects you from poison.
Armour
 v - a +2 pair of gloves of strength (worn)
 z - a +2 cloak (worn)
 E - +9 gold dragon scales (worn)
 F - the +18 shield of the Gong (worn) {rElec rN+ MR+ EV-5}
   (You found it in the Dungeon)

   It affects your evasion (-5).
   It insulates you from electricity.
   It protects you from negative energy.
   It affects your resistance to hostile enchantments.
 J - the +2 pair of boots "Cocuxton" {rF- rC+ Int+2}
   (You found it in the Dungeon)

   It affects your intelligence (+2).
   It makes you vulnerable to fire.
   It protects you from cold.
Jewellery
 j - the amulet "Kituheoc" {Regen+ Str+5}
   (You found it in the Dungeon)

   [amulet of regeneration]

   It affects your strength (+5).
   It increases your rate of regeneration.
 n - a +5 amulet of reflection (around neck)
 y - a +3 amulet of reflection
 K - the ring of Sloth (right hand) {MR+ Str+2 Int+4 Stlth+}
   (You found it in the Dungeon)

   [ring of stealth]

   It affects your strength (+2).
   It affects your intelligence (+4).
   It affects your resistance to hostile enchantments.
   It makes you more stealthy.
 M - the ring of Oqeom (left hand) {-Tele MP+9 Str+7}
   (You found it in the Dungeon)

   [ring of magical power]

   It affects your strength (+7).
   It affects your magic capacity (+9).
   It prevents most forms of teleportation.
Wands
 B - a wand of disintegration (7)
 C - a wand of iceblast (7)
 D - a wand of acid (7)
Scrolls
 p - 4 scrolls of amnesia
 q - 8 scrolls of fog
 r - 2 scrolls of holy word
 s - 5 scrolls of identify
 t - 5 scrolls of remove curse
 u - 2 scrolls of fear
 w - 4 scrolls of enchant weapon
 L - 6 scrolls of brand weapon
Potions
 c - 6 potions of might
 e - 9 potions of curing
 f - 14 potions of heal wounds
 h - 7 potions of magic
 k - 2 potions of brilliance
 l - a potion of invisibility
 m - 2 potions of resistance
 o - 3 potions of agility
Miscellaneous
 b - a phial of floods
 i - 9 boxes of beasts
 H - 10 phantom mirrors
 I - 12 sacks of spiders
Comestibles
 d - 6 rations


   Skills:
 O Level 27 Fighting
 + Level 25.7 Polearms
   Level 13.8 Crossbows
 O Level 27 Armour
 O Level 27 Dodging
 - Level 10.7 Stealth
 - Level 9.0 Shields
 + Level 26.3 Unarmed Combat
 + Level 18.6 Spellcasting
 O Level 27 Invocations
 O Level 27 Evocations


You had 57 spell levels left.
You knew the following spells:

 Your Spells              Type           Power        Failure   Level  Hunger
a - Apportation           Tloc           ##....       12%         1    None

Your spell library contained the following spells:

 Spells                   Type           Power        Failure   Level  Hunger
 Cause Fear               Hex            ##........   77%         4    None
 Magic Dart               Conj           ##..         12%         1    None
 Bolt of Fire             Conj/Fire      ##........   100%        6    #####..
 Lightning Bolt           Conj/Air       ##........   98%         5    ####...
 Bolt of Magma            Conj/Fire/Erth ##........   98%         5    ####...
 Slow                     Hex            ##......     19%         2    None
 Throw Frost              Conj/Ice       ##....       19%         2    None
 Mephitic Cloud           Conj/Pois/Air  ##......     36%         3    None
 Venom Bolt               Conj/Pois      ##........   98%         5    ####...
 Olgreb's Toxic Radiance  Pois           ##......     77%         4    None
 Teleport Other           Tloc           ##......     36%         3    None
 Summon Small Mammal      Summ           ##..         12%         1    None
 Blink                    Tloc           N/A          19%         2    None
 Iskenderun's Mystic Bla  Conj           ##......     77%         4    None
 Freeze                   Ice            ##..         12%         1    None
 Sticky Flame             Conj/Fire      ##......     77%         4    None
 Summon Ice Beast         Ice/Summ       ##......     77%         4    None
 Ozocubu's Armour         Chrm/Ice       ##......     36%         3    None
 Call Imp                 Summ           ##......     19%         2    None
 Sting                    Conj/Pois      ##..         12%         1    None
 Deflect Missiles         Chrm/Air       ##........   100%        6    #####..
 Throw Icicle             Conj/Ice       ##......     77%         4    None
 Flame Tongue             Conj/Fire      ##...        12%         1    None
 Call Canine Familiar     Summ           ##......     36%         3    None
 Silence                  Hex/Air        ##........   98%         5    ####...
 Shatter                  Erth           ##........   100%        9    #######
 Static Discharge         Conj/Air       ##......     36%         3    None
 Corona                   Hex            ##.....      12%         1    None
 Alistair's Intoxication  Tmut/Pois      ##......     98%         5    ####...
 Conjure Ball Lightning   Conj/Air       ##........   100%        6    #####..
 Excruciating Wounds      Chrm/Necr      ##........   98%         5    ####...
 Portal Projectile        Hex/Tloc       ##....       36%         3    None
 Passage of Golubria      Tloc           N/A          77%         4    None
 Tornado                  Air            ##........   100%        9    #######
 Leda's Liquefaction      Hex/Erth       ##........   77%         4    None
 Shroud of Golubria       Chrm/Tloc      ##........   19%         2    None
 Inner Flame              Hex/Fire       ##......     36%         3    None
 Disjunction              Tloc           ##........   100%        8    #######
 Fulminant Prism          Conj/Hex       ##........   77%         4    None
 Dazzling Spray           Conj/Hex       ##....       36%         3    None
 Force Lance              Conj/Tloc      ##......     77%         4    None
 Searing Ray              Conj           ##....       19%         2    None
 Summon Lightning Spire   Summ/Air       ##......     77%         4    None
 Summon Guardian Golem    Hex/Summ       ##......     36%         3    None
 Summon Mana Viper        Hex/Summ       ##......     98%         5    ####...
 Gell's Gravitas          Tloc           ##........   36%         3    None
 Yara's Violent Unravell  Hex/Tmut       ##........   98%         5    ####...
 Lesser Beckoning         Tloc           ##........   36%         3    None
 Poisonous Vapours        Pois/Air       ##....       19%         2    None
 Ignition                 Fire           ##........   100%        8    #######


Dungeon Overview and Level Annotations

Branches:
Dungeon (1/1)

Altars:
Ashenzari
Cheibriados
Dithmenos
Elyvilon
Fedhas
Gozag
Hepliaklqana
Kikubaaqudgha
Makhleb
Nemelex Xobeh
Okawaru
Qazlal
Ru
Sif Muna
Trog
Uskayaw
Vehumet
Wu Jian
Xom
Yredelemnul
Zin
The Shining One
Beogh
Jiyva
Lugonu


Innate Abilities, Weirdness & Mutations

You cannot be hasted, slowed, berserked, paralysed or teleported.
You can dig through walls and to a lower floor.
Your four strong arms can wield two-handed weapons with a shield.
You have a pair of large antennae on your head. (SInv)
Scrolls take you longer to read.
You do not regenerate when monsters are visible.
Your movements are slightly less encumbered by armour. (ER -2)


Message History

You start waiting.
You start waiting.
You sense a monster nearby.
You start waiting.
You start waiting.
You start waiting.
You can't go down here!
Unknown command.
Unknown command.
You start waiting.
You start waiting.
You start waiting.
You start waiting.
You start waiting.
You start waiting.
You start waiting.
You start waiting.
You start waiting.
You start waiting.
You have escaped!

............▓(|▓...)...▓..▓...8©8
............▓(▓▓▓..(..▓▓▓.▓..}::|
............▓..▓.)..{..▓..▓....).
............▓..)..........▓...).)
............▓..(.{.{.....{▓......
............▓▓▓▓▓▓▓▓▓▓▓▓▓▓▓......
............▓8888888888888▓......
▓)......▓...▓8...........8▓..▓...
............▓8§.@§....©..8▓.▓....
............▓8....§......8▓....©.
)...©.......▓8888888888888▓▓▓▓▓▓▓
▓▓▓▓▓▓▓▓▓▓▓▓▓▓▓▓▓▓▓▓▓▓▓▓▓▓▓▓▓▓▓▓▓
.....8©8.}..}..[▓{.....{{8©8.....
)=...[......{{..▓...{.[}.{)..||)[
[[})}.|.)...)...▓.)|}){{))=|.).).
))[..[|.).......▓.)[...|||.[..).)
................▓.......).|||....


There were no monsters in sight!

Vanquished Creatures
  3 juggernauts (shapeshifter) (D)
  A greater mummy (D)
  3 shard shrikes (shapeshifter) (D)
  A golden dragon (shapeshifter) (D)
  3 pandemonium lords (D)
  A bone dragon (D)
  A Brimstone Fiend (D)
  4 electric golems (D)
  2 Orb Guardians (D)
  9 titans (D)
  6 deep elf blademasters (D)
  4 titans (shapeshifter) (D)
  6 acid blobs (D)
  12 deep elf master archers (D)
  3 quicksilver dragons (D)
  4 acid blobs (shapeshifter) (D)
  A tentacled starspawn (D)
  2 shadow dragons (D)
  7 storm dragons (D)
  2 draconian monks (D)
  9 azure jellies (D)
  2 fire giants (D)
  A draconian knight (D)
  An iron dragon (D)
  2 cacodemons (D)
  A draconian scorcher (D)
  13 deep elf sorcerers (D)
  A draconian stormcaller (D)
  A deep elf elementalist (D)
  2 draconian annihilators (D)
  2 iron dragons (shapeshifter) (D)
  A spriggan defender (D)
  A draconian shifter (D)
  A reaper (D)
  3 stone giants (D)
  A deep elf demonologist (D)
  3 green draconians (D)
  4 purple draconians (D)
  9 deep elf annihilators (D)
  A spark wasp (shapeshifter) (D)
  2 black draconians (D)
  5 yellow draconians (D)
  A white draconian (D)
  2 red draconians (D)
  5 merfolk javelineers (D)
  A mummy priest (D)
  3 crystal guardians (D)
  An eidolon (D)
  10 death oozes (D)
  2 merfolk impalers (D)
  A yaktaur captain (D)
  8 deep elf high priests (D)
  5 great orbs of eyes (D)
  A naga warrior (D)
  15 spriggan air magi (D)
  An alligator snapping turtle (D)
  2 anacondas (D)
  A centaur warrior (D)
  An alligator (shapeshifter) (D)
  3 merfolk aquamancers (D)
  6 dancing weapons (D)
  A death scarab (D)
  A hell hog (D)
  7 deep elf knights (D)
  5 soul eaters (D)
  6 iron golems (D)
  4 wretched stars (D)
  5 sixfirhies (D)
  A death drake (shapeshifter) (D)
  3 glowing orange brains (D)
  2 spriggan druids (D)
  An unseen horror (D)
  2 deep trolls (shapeshifter) (D)
  A glowing orange brain (shapeshifter) (D)
  A swamp dragon (shapeshifter) (D)
  6 deep elf archers (D)
  2 lindwurms (shapeshifter) (D)
  A harpy (D)
  A harpy (shapeshifter) (D)
  A faun (shapeshifter) (D)
  A cyclops (shapeshifter) (D)
  An oklob plant (D)
  An orc sorcerer (D)
  17 deep elf magi (D)
  A wolf spider (shapeshifter) (D)
  5 shining eyes (D)
  3 cyclopes (D)
  A smoke demon (D)
  A moth of wrath (shapeshifter) (D)
  2 water nymphs (shapeshifter) (D)
  4 naga magi (D)
  3 eyes of devastation (shapeshifter) (D)
  2 guardian serpents (shapeshifter) (D)
  7 eyes of devastation (D)
  2 torpor snails (shapeshifter) (D)
  2 guardian serpents (D)
  2 orange demons (D)
  2 hellions (D)
  A gargoyle (D)
  2 efreet (D)
  An ice devil (D)
  2 komodo dragons (shapeshifter) (D)
  2 yaktaurs (D)
  A tormentor (D)
  A guardian mummy (D)
  3 ancient zymes (D)
  5 red devils (D)
  A jumping spider (D)
  A queen bee (shapeshifter) (D)
  2 merfolk (D)
  A merfolk (shapeshifter) (D)
  2 hornets (D)
  10 wind drakes (D)
  17 slime creatures (D)
  A blink frog (D)
  2 raiju (D)
  A slime creature (shapeshifter) (D)
  A dream sheep (shapeshifter) (D)
  9 air elementals (D)
  A shadow (D)
  2 hippogriffs (shapeshifter) (D)
  A spriggan (shapeshifter) (D)
  A tarantella (shapeshifter) (D)
  A tarantella (D)
  A water elemental (D)
  2 ynoxinuls (D)
  3 golden eyes (shapeshifter) (D)
  3 large abominations (D)
  2 neqoxecs (D)
  A hog (shapeshifter) (D)
  10 golden eyes (D)
  A yak (shapeshifter) (D)
  A fire bat (D)
  3 fire elementals (D)
  A human (shapeshifter) (D)
  3 chaos spawn (D)
  A hungry ghost (D)
  3 insubstantial wisps (D)
  A naga (D)
  A swamp worm (shapeshifter) (D)
  A soldier ant (shapeshifter) (D)
  A water moccasin (D)
  9 hell hounds (D)
  2 phantoms (D)
  An eye of draining (D)
  2 black bears (shapeshifter) (D)
  4 necrophages (D)
  4 centaurs (D)
  9 earth elementals (D)
  A scorpion (D)
  2 wights (D)
  2 crimson imps (D)
  12 starcursed masses (D)
  A hound (shapeshifter) (D)
  5 jellies (D)
  3 quasits (D)
  An iron imp (D)
  4 small abominations (D)
  3 mummies (D)
  3 adders (D)
  4 shadow imps (D)
  4 white imps (D)
  2 ufetubi (D)
  5 oozes (D)
  A spectral adder (D)
  2 adder skeletons (D)
  3 adder zombies (D)
  A ball python (D)
  2 bat skeletons (D)
  6 bat zombies (D)
  A ball python skeleton (D)
  A ball python zombie (D)
  A giant cockroach simulacrum (D)
  A giant cockroach zombie (D)
  A jackal skeleton (D)
  A jackal zombie (D)
  A leopard gecko skeleton (D)
  2 quokka skeletons (D)
  2 quokka zombies (D)
  2 fire vortices (D)
540 creatures vanquished.

Vanquished Creatures (others)
  4 deep elf master archers (D)
  A draconian knight (D)
  A deep elf sorcerer (D)
  3 stone giants (D)
  A green draconian (D)
  A yellow draconian (D)
  A red draconian (D)
  A merfolk aquamancer (D)
  A centaur warrior (D)
  A thrashing horror (D)
  A deep elf archer (D)
  A yaktaur (D)
  A flying skull (D)
  A large abomination (D)
  An insubstantial wisp (D)
  A bat skeleton (D)
  A bat zombie (D)
  A jackal zombie (D)
  4 starspawn tentacles (D)
27 creatures vanquished.

Grand Total: 567 creatures vanquished

Notes
Turn   | Place    | Note
-------+----------+-------------------------------------------
     0 | D        | Found the +6 Majin-Bo {vamp, Archmagi MP+6 Int+6}
     0 | D        | Found the +7 great mace "Firestarter" {inner flame, rF++}
     0 | D        | raistware the Formicid Fighter began the quest for the Orb.
     0 | D        | Reached XP level 1. HP: 18/18 MP: 1/1
     0 | D        | Found a deep blue altar of Sif Muna.
     0 | D        | Found a sacrificial altar of Ru.
     0 | D        | Found a bloodstained altar of Trog.
     0 | D        | Found a stormy altar of Qazlal.
     0 | D        | Found an iron altar of Okawaru.
     0 | D        | Found a sparkling altar of Nemelex Xobeh.
     0 | D        | Found a blossoming altar of Fedhas.
     2 | D        | Found a transporter.
     2 | D        | Found an ancient bone altar of Kikubaaqudgha.
     2 | D        | Found a viscous altar of Jiyva.
     2 | D        | Found a corrupted altar of Lugonu.
     2 | D        | Found a hazy altar of Hepliaklqana.
     2 | D        | Found a burning altar of Makhleb.
     2 | D        | Found an opulent altar of Gozag.
    19 | D        | Found the +9 heavy crossbow "Sniper" {velocity, Acc+∞ SInv}
    19 | D        | Found the +10 dark maul {crush}
    19 | D        | Found the +15 Maxwell's patent armour {-Cast -Tele rElec MR+ rCorr}
    19 | D        | Found the +18 shield of the Gong {rElec rN+ MR+ EV-5}
    19 | D        | Found the cursed +14 obsidian axe {chop, +Fly SInv *Curse}
    20 | D        | Found the +6 shillelagh "Devastator" {shatter}
    20 | D        | Found the +11 plutonium sword {*Contam Stlth-}
    20 | D        | Found the +8 lance "Wyrmbane" {slay drac, rPois rF+ rC+ AC+3}
    20 | D        | Found the +9 sword of Zonguldrok {reap}
    20 | D        | Found the cursed +13 scythe of Curses {drain, *Curse}
    20 | D        | Found the +0 sword of Power
    20 | D        | Found the +7 mace of Variability {chain chaos}
    20 | D        | Found the +7 Singing Sword
    20 | D        | Found the +7 longbow "Piercer" {penet, EV-2}
    82 | D        | Reached XP level 2. HP: 24/24 MP: 2/2
    86 | D        | Became a worshipper of Qazlal Stormbringer
    96 | D        | Entered arena 2.
    96 | D        | Noticed a phantom
    96 | D        | Noticed a necrophage
    96 | D        | Found a transporter.
   100 | D        | Killed a necrophage
   100 | D        | Reached skill level 5 in Armour
   100 | D        | Reached skill level 5 in Shields
   100 | D        | Reached XP level 3. HP: 29/29 MP: 3/3
   100 | D        | Reached XP level 4. HP: 35/35 MP: 4/4
   108 | D        | Killed a phantom
   108 | D        | Reached XP level 5. HP: 41/41 MP: 5/5
   122 | D        | Entered arena 3.
   122 | D        | Noticed a jumping spider
   122 | D        | Noticed a tarantella
   122 | D        | Found a transporter.
   130 | D        | Killed a tarantella
   130 | D        | Reached * piety under Qazlal
   130 | D        | Reached skill level 10 in Polearms
   130 | D        | Reached XP level 6. HP: 42/47 MP: 6/6
   137 | D        | Reached XP level 7. HP: 47/52 MP: 7/7
   139 | D        | Killed a jumping spider
   139 | D        | Reached skill level 10 in Armour
   163 | D        | Entered arena 4.
   163 | D        | Found a transporter.
   165 | D        | Reached ** piety under Qazlal
   169 | D        | Reached skill level 1 in Invocations
   173 | D        | Reached *** piety under Qazlal
   173 | D        | Reached skill level 1 in Dodging
   183 | D        | Entered arena 5.
   183 | D        | Found a transporter.
   198 | D        | Reached XP level 8. HP: 60/60 MP: 9/9
   202 | D        | Reached **** piety under Qazlal
   213 | D        | Entered arena 6.
   213 | D        | Found a transporter.
   229 | D        | Reached ***** piety under Qazlal
   246 | D        | Entered arena 7.
   247 | D        | Found a transporter.
   277 | D        | Entered arena 8.
   277 | D        | Noticed an eye of devastation
   277 | D        | Noticed an eye of devastation
   277 | D        | Noticed a slime creature
   277 | D        | Noticed an eye of devastation
   277 | D        | Noticed a shining eye
   278 | D        | Reached skill level 5 in Invocations
   279 | D        | Found a transporter.
   284 | D        | Killed a slime creature
   284 | D        | Reached XP level 9. HP: 67/67 MP: 4/13
   288 | D        | Killed an eye of devastation
   288 | D        | Reached skill level 5 in Dodging
   295 | D        | Killed a shining eye
   295 | D        | Reached ****** piety under Qazlal
   300 | D        | Killed an eye of devastation
   306 | D        | Killed an eye of devastation
   306 | D        | Reached XP level 10. HP: 49/73 MP: 6/17
   413 | D        | Entered arena 9.
   414 | D        | Found a transporter.
   424 | D        | Reached skill level 1 in Stealth
   424 | D        | Reached skill level 10 in Invocations
   449 | D        | Entered arena 10.
   449 | D        | Noticed an eye of devastation
   449 | D        | Noticed a shining eye
   449 | D        | Noticed a shining eye
   450 | D        | Gained mutation: Your movements are slightly less encumbered by armour. (ER -2) [a shining eye]
   452 | D        | Found a transporter.
   460 | D        | Gained mutation: You do not regenerate when monsters are visible. [a shining eye]
   462 | D        | Killed a shining eye
   462 | D        | Gained mutation: Scrolls take you a little longer to read. [a shining eye]
   464 | D        | Gained mutation: Scrolls take you longer to read. [a shining eye]
   469 | D        | Killed an eye of devastation
   469 | D        | Reached skill level 5 in Stealth
   475 | D        | Killed a shining eye
   587 | D        | Entered arena 11.
   587 | D        | Noticed a greater mummy
   587 | D        | Noticed a mummy priest
   587 | D        | Noticed a death scarab
   588 | D        | Found the +12 Vampire's Tooth {vamp}
   588 | D        | Found the +7 lajatang of Order {silver, rMut}
   590 | D        | Killed a death scarab
   591 | D        | Noticed a death scarab
   591 | D        | Noticed a death scarab
   602 | D        | Killed a mummy priest
   602 | D        | Reached XP level 11. HP: 14/78 MP: 12/21
   603 | D        | Noticed a death scarab
   603 | D        | Noticed a death scarab
   603 | D        | Noticed a death scarab
   603 | D        | Noticed a death scarab
   614 | D        | Noticed a death scarab
   614 | D        | Noticed a death scarab
   616 | D        | Killed a greater mummy
   616 | D        | Reached skill level 15 in Armour
   616 | D        | Reached skill level 10 in Dodging
   616 | D        | Reached skill level 10 in Stealth
   617 | D        | Found a transporter.
   764 | D        | Entered arena 12.
   764 | D        | Noticed a spriggan air mage
   764 | D        | Noticed a spriggan air mage
   764 | D        | Noticed an oklob plant
   764 | D        | Noticed a spriggan air mage
   764 | D        | Noticed a spriggan druid
   764 | D        | Noticed a spriggan druid
   765 | D        | Killed a spriggan druid
   765 | D        | Reached XP level 12. HP: 85/85 MP: 24/24
   765 | D        | Killed a spriggan air mage
   765 | D        | Killed a spriggan air mage
   766 | D        | Killed a spriggan druid
   766 | D        | Killed a spriggan air mage
   767 | D        | Noticed a spriggan defender
   768 | D        | Found a transporter.
   788 | D        | Killed a spriggan defender
   820 | D        | Entered arena 13.
   820 | D        | Noticed a fire giant
   820 | D        | Noticed a fire giant
   822 | D        | Killed a fire giant
   822 | D        | Killed a fire giant
   829 | D        | Reached XP level 13. HP: 84/90 MP: 12/26
   831 | D        | Found a transporter.
   860 | D        | Entered arena 14.
   860 | D        | Noticed a shadow dragon
   863 | D        | Noticed a shadow dragon
   904 | D        | Killed a shadow dragon
   911 | D        | Found a transporter.
   940 | D        | Killed a shadow dragon
  1205 | D        | Entered arena 15.
  1205 | D        | Noticed a merfolk javelineer
  1205 | D        | Noticed a merfolk impaler
  1205 | D        | Noticed an alligator snapping turtle
  1208 | D        | Noticed a merfolk javelineer
  1208 | D        | Noticed a merfolk javelineer
  1209 | D        | Noticed a merfolk impaler
  1212 | D        | Killed a merfolk javelineer
  1212 | D        | Killed a merfolk impaler
  1212 | D        | Killed a merfolk javelineer
  1212 | D        | Killed a merfolk javelineer
  1212 | D        | Killed a merfolk impaler
  1229 | D        | Killed an alligator snapping turtle
  1229 | D        | Reached XP level 14. HP: 87/96 MP: 22/29
  1236 | D        | Found a transporter.
  1269 | D        | Entered arena 16.
  1269 | D        | Noticed an acid blob
  1273 | D        | Killed an acid blob
  1273 | D        | Reached skill level 15 in Dodging
  1278 | D        | Found the +8 demon blade "Leech" {vamp, rN+ AC-3 EV-3}
  1291 | D        | Found a transporter.
  1298 | D        | Got the amulet "Kituheoc" {Regen+ Str+5}
  1315 | D        | Entered arena 17.
  1352 | D        | Found the +8 demon blade "Bloodbane" {slice, *Rage +Rage Stlth-}
  1355 | D        | Found a transporter.
  1409 | D        | Entered arena 18.
  1411 | D        | Noticed an azure jelly
  1411 | D        | Noticed an acid blob
  1412 | D        | Noticed an acid blob
  1412 | D        | Noticed an acid blob
  1412 | D        | Noticed an azure jelly
  1415 | D        | Reached skill level 5 in Fighting
  1415 | D        | Killed an azure jelly
  1415 | D        | Killed an acid blob
  1415 | D        | Killed an acid blob
  1415 | D        | Killed an acid blob
  1415 | D        | Reached XP level 15. HP: 96/110 MP: 31/31
  1417 | D        | Killed an azure jelly
  1422 | D        | Found a transporter.
  1430 | D        | Got the +2 pair of boots "Cocuxton" {rF- rC+ Int+2}
  1441 | D        | Got the ring of Sloth {MR+ Str+2 Int+4 Stlth+}
  1444 | D        | Got the amulet "Ownadod" {+Rage rElec}
  1498 | D        | Entered arena 19.
  1510 | D        | Killed a stone giant
  1510 | D        | Reached skill level 10 in Fighting
  1510 | D        | Killed a deep elf master archer
  1510 | D        | Noticed a stone giant
  1519 | D        | Noticed a stone giant
  1520 | D        | Killed a stone giant
  1520 | D        | Reached skill level 27 in Invocations
  1522 | D        | Killed a stone giant
  1524 | D        | Noticed a stone giant
  1528 | D        | Killed a stone giant
  1542 | D        | Found a transporter.
  1589 | D        | Entered arena 20.
  1610 | D        | Found a transporter.
  1629 | D        | Got the ring "Cikliwk" {rElec rC- rN+ MR+}
  1712 | D        | Entered arena 21.
  1720 | D        | Noticed a quicksilver dragon
  1721 | D        | Noticed a quicksilver dragon
  1721 | D        | Noticed a stone giant
  1721 | D        | Noticed a quicksilver dragon
  1722 | D        | Found the +8 whip "Snakebite" {curare, rPois}
  1722 | D        | Noticed a stone giant
  1722 | D        | Noticed an iron dragon
  1724 | D        | Found a transporter.
  1725 | D        | Killed a stone giant
  1725 | D        | Killed a quicksilver dragon
  1725 | D        | Killed a stone giant
  1725 | D        | Killed an iron dragon
  1725 | D        | Reached XP level 16. HP: 115/132 MP: 33/33
  1730 | D        | Killed a quicksilver dragon
  1732 | D        | Killed a quicksilver dragon
  1771 | D        | Got the ring of Oqeom {-Tele MP+9 Str+7}
  1782 | D        | Got the ring "Lovak" {*Contam rPois MP+9 SInv}
  1850 | D        | Entered arena 22.
  1856 | D        | Noticed a white draconian monk
  1858 | D        | Noticed a purple draconian knight
  1861 | D        | Noticed a green draconian knight
  1872 | D        | Killed a white draconian monk
  1872 | D        | Reached skill level 15 in Fighting
  1872 | D        | Reached skill level 1 in Evocations
  1876 | D        | Noticed a green draconian monk
  1905 | D        | Killed a green draconian knight
  1912 | D        | Reached skill level 5 in Unarmed Combat
  1912 | D        | Reached skill level 5 in Evocations
  1929 | D        | Killed a green draconian monk
  1937 | D        | Killed a purple draconian knight
  1976 | D        | Found the +4 robe of Augmentation {Str+4 Int+4 Dex+4}
  1977 | D        | Found a transporter.
  2149 | D        | Entered arena 23.
  2156 | D        | Noticed an azure jelly
  2159 | D        | Noticed an acid blob
  2170 | D        | Killed an azure jelly
  2170 | D        | Noticed an azure jelly
  2171 | D        | Reached XP level 17. HP: 126/146 MP: 34/34
  2171 | D        | Killed an acid blob
  2171 | D        | Reached skill level 10 in Evocations
  2178 | D        | Noticed an acid blob
  2188 | D        | Reached skill level 10 in Unarmed Combat
  2188 | D        | Killed an acid blob
  2228 | D        | Found the +3 sling "Punk" {acid, rCorr}
  2228 | D        | Found a transporter.
  2427 | D        | Entered arena 24.
  2438 | D        | Noticed a deep elf master archer
  2438 | D        | Noticed a deep elf master archer
  2438 | D        | Noticed a deep elf master archer
  2438 | D        | Noticed a deep elf blademaster
  2439 | D        | Noticed a deep elf master archer
  2439 | D        | Noticed a deep elf blademaster
  2440 | D        | Killed a deep elf master archer
  2440 | D        | Killed a deep elf master archer
  2440 | D        | Killed a deep elf blademaster
  2440 | D        | Killed a deep elf master archer
  2440 | D        | Reached XP level 18. HP: 132/162 MP: 35/35
  2440 | D        | Killed a deep elf blademaster
  2440 | D        | Killed a deep elf master archer
  2440 | D        | Reached skill level 15 in Evocations
  2440 | D        | Noticed a deep elf master archer
  2440 | D        | Noticed a deep elf master archer
  2441 | D        | Killed a deep elf master archer
  2442 | D        | Noticed a deep elf blademaster
  2445 | D        | Killed a deep elf master archer
  2445 | D        | Reached skill level 15 in Unarmed Combat
  2445 | D        | Killed a deep elf blademaster
  2447 | D        | Noticed a deep elf master archer
  2450 | D        | Killed a deep elf master archer
  2452 | D        | Noticed a deep elf master archer
  2454 | D        | Noticed a deep elf master archer
  2455 | D        | Found a transporter.
  2456 | D        | Killed a deep elf master archer
  2460 | D        | Killed a deep elf master archer
  2564 | D        | Entered arena 25.
  2594 | D        | Reached skill level 27 in Armour
  2594 | D        | Reached skill level 15 in Polearms
  2599 | D        | Noticed a bone dragon
  2606 | D        | Killed a bone dragon
  2634 | D        | Found the +7 captain's cutlass {speed, disarm}
  2634 | D        | Found a transporter.
  2662 | D        | Got the ring "Kirif" {-Tele +Fly rElec rPois Int+5}
  2942 | D        | Entered arena 26.
  2957 | D        | Noticed a titan
  2957 | D        | Noticed a titan
  2959 | D        | Noticed a titan
  2959 | D        | Noticed a titan
  2960 | D        | Noticed a titan
  2960 | D        | Noticed an electric golem
  2961 | D        | Noticed a titan
  2961 | D        | Noticed a titan
  2961 | D        | Killed a titan
  2961 | D        | Reached XP level 19. HP: 95/176 MP: 36/36
  2961 | D        | Killed a titan
  2961 | D        | Killed a titan
  2962 | D        | Killed a titan
  2962 | D        | Killed a titan
  2962 | D        | Killed a titan
  2962 | D        | Killed a titan
  2962 | D        | Killed an electric golem
  2962 | D        | Noticed an electric golem
  2973 | D        | Noticed a titan
  2974 | D        | Noticed a titan
  2975 | D        | Killed a titan
  2975 | D        | Noticed an electric golem
  2976 | D        | Killed a titan
  2976 | D        | Killed an electric golem
  2976 | D        | Noticed an electric golem
  2981 | D        | Found a transporter.
  2997 | D        | Killed an electric golem
  3003 | D        | Killed an electric golem
  3006 | D        | Found the +2 robe of Vines {NoPotionHeal Regen+7}
  3070 | D        | Got the amulet of the Death Scarab {Inacc Int-5 Dex+4}
  3240 | D        | Got Improving Your Witchcraft
  3249 | D        | Got Jibbo's Disquisition on Quantum Poison
  3307 | D        | Entered arena 27.
  3318 | D        | Noticed a deep elf blademaster
  3318 | D        | Noticed a deep elf blademaster
  3322 | D        | Reached skill level 1 in Crossbows
  3327 | D        | Reached skill level 1 in Spellcasting
  3327 | D        | Reached skill level 5 in Crossbows
  3327 | D        | Reached XP level 20. HP: 169/190 MP: 37/37
  3327 | D        | Reached skill level 5 in Spellcasting
  3327 | D        | Reached skill level 10 in Crossbows
  3334 | D        | Reached skill level 10 in Spellcasting
  3358 | D        | Found a transporter.
  3412 | D        | Got the Grimoire of the Blaze
  3451 | D        | Entered arena 28.
  3467 | D        | Noticed a shard shrike
  3468 | D        | Noticed a juggernaut
  3468 | D        | Noticed a shard shrike
  3468 | D        | a juggernaut changed into a shard shrike
  3468 | D        | Noticed a shard shrike
  3468 | D        | Noticed a shard shrike
  3468 | D        | Noticed a juggernaut
  3469 | D        | a juggernaut changed into a titan
  3469 | D        | a shard shrike changed into a titan
  3469 | D        | a shard shrike changed into a titan
  3470 | D        | Noticed a juggernaut
  3470 | D        | Noticed a juggernaut
  3470 | D        | a titan changed into a juggernaut
  3470 | D        | Noticed a shard shrike
  3470 | D        | Noticed a caustic shrike
  3470 | D        | Noticed a juggernaut
  3471 | D        | Noticed a juggernaut
  3471 | D        | Noticed a shard shrike
  3471 | D        | Noticed a shard shrike
  3471 | D        | a juggernaut changed into a shard shrike
  3471 | D        | Noticed a shard shrike
  3471 | D        | a titan changed into a shard shrike
  3471 | D        | Noticed a shard shrike
  3471 | D        | a titan changed into a shard shrike
  3471 | D        | Noticed a shard shrike
  3471 | D        | a juggernaut changed into a shard shrike
  3471 | D        | Noticed a juggernaut
  3472 | D        | Noticed a juggernaut
  3472 | D        | Noticed a caustic shrike
  3472 | D        | a juggernaut changed into a titan
  3472 | D        | Noticed a golden dragon
  3472 | D        | a shard shrike changed into a golden dragon
  3472 | D        | a caustic shrike changed into a titan
  3473 | D        | Found the -2 hat of the Alchemist {rElec rPois rF+ rC+ rN+ MR+ rMut rCorr}
  3473 | D        | Noticed a shard shrike
  3473 | D        | a juggernaut changed into a shard shrike
  3473 | D        | a caustic shrike changed into an iron dragon
  3473 | D        | a juggernaut changed into an acid blob
  3473 | D        | Noticed a juggernaut
  3473 | D        | a shard shrike changed into a juggernaut
  3474 | D        | Noticed a juggernaut
  3474 | D        | a shard shrike changed into a juggernaut
  3475 | D        | Killed a shard shrike
  3475 | D        | Killed a shard shrike
  3475 | D        | Reached XP level 21. HP: 181/202 MP: 38/38
  3475 | D        | Killed a shard shrike
  3475 | D        | Killed a juggernaut
  3475 | D        | Reached skill level 27 in Fighting
  3475 | D        | Killed a juggernaut
  3475 | D        | Reached skill level 15 in Spellcasting
  3475 | D        | Reached skill level 27 in Dodging
  3475 | D        | a shard shrike changed into a titan
  3476 | D        | a juggernaut changed into a titan
  3478 | D        | Noticed a shard shrike
  3478 | D        | a titan changed into a shard shrike
  3478 | D        | Noticed a juggernaut
  3478 | D        | a shard shrike changed into a juggernaut
  3480 | D        | Noticed a juggernaut
  3480 | D        | a titan changed into a juggernaut
  3482 | D        | Killed a juggernaut
  3482 | D        | Noticed a juggernaut
  3482 | D        | a shard shrike changed into a juggernaut
  3482 | D        | a juggernaut changed into a titan
  3487 | D        | Noticed a juggernaut
  3487 | D        | a titan changed into a juggernaut
  3491 | D        | Noticed an iron giant
  3491 | D        | a juggernaut changed into an iron giant
  3493 | D        | an iron giant changed into an acid blob
  3493 | D        | Noticed a golden dragon
  3493 | D        | an iron dragon changed into a golden dragon
  3499 | D        | a juggernaut changed into a titan
  3501 | D        | a golden dragon changed into an iron dragon
  3503 | D        | Noticed an iron giant
  3503 | D        | an acid blob changed into an iron giant
  3509 | D        | Noticed a caustic shrike
  3509 | D        | an iron giant changed into a caustic shrike
  3510 | D        | Found a transporter.
  3510 | D        | Noticed an iron giant
  3510 | D        | a caustic shrike changed into an iron giant
  3511 | D        | Noticed a golden dragon
  3511 | D        | an iron dragon changed into a golden dragon
  3514 | D        | Killed a golden dragon
  3516 | D        | an iron giant changed into an iron dragon
  3534 | D        | Got the amulet of Tolanamn {*Drain +Rage rElec rC++ Dex+3}
  3537 | D        | Got the ring "Feostromo" {Wiz SInv}
  3706 | D        | Got the Orb of Zot
  4169 | D        | Gained mutation: You are clumsy. (Dex -2) [a cacodemon]
  4639 | D        | Noticed Danac the pandemonium lord
  4639 | D        | Killed Danac the pandemonium lord
  5504 | D        | Noticed a Brimstone Fiend
  5504 | D        | Killed a Brimstone Fiend
  5744 | D        | Learned a level 1 spell: Apportation
  6180 | D        | Noticed Fexzob the pandemonium lord
  6186 | D        | Killed Fexzob the pandemonium lord
  6375 | D        | Noticed Foxkel the pandemonium lord
  6403 | D        | Killed Foxkel the pandemonium lord
  6403 | D        | Reached XP level 22. HP: 185/212 MP: 44/44
  6482 | D        | Lost mutation: You are clumsy. (Dex -2) [a neqoxec]
  6596 | D        | Reached skill level 27 in Evocations
  6955 | D        | Escaped with the Orb!

Vault maps used:
D:        sprint_v

Skill      XL: |  1  2  3  4  5  6  7  8  9 10 11 12 13 14 15 16 17 18 19 20 21 22 |
---------------+-------------------------------------------------------------------+-----
Polearms       | 7 8 9 10 11 12 14 17 20 22 25 | 25.7
Armour         | 5 6 8 10 11 13 14 15 17 18 20 22 24 25 27 | 27.0
Shields        | 5 7 9 |  9.0
Invocations    | 2 6 9 13 16 19 22 25 27 | 27.0
Dodging        | 1 4 7 9 10 12 14 16 18 20 21 23 24 26 27 | 27.0
Fighting       | 4 8 13 16 19 22 24 26 27 | 27.0
Stealth        | 7 10 | 10.7
Evocations     | 9 14 18 21 23 26 27 | 27.0
Unarmed Combat | 8 13 17 20 23 26 | 26.3
Crossbows      | 6 13 | 13.8
Spellcasting   | 4 12 18 | 18.6

Action                   |  1- 3 |  4- 6 |  7- 9 | 10-12 | 13-15 | 16-18 | 19-21 | 22-24 || total
-------------------------+-------+-------+-------+-------+-------+-------+-------+-------++-------
Melee: Lance             |     4 |    21 |    89 |    85 |   157 |   157 |   160 |    12 ||   685
 Cast: Apportation       |       |       |       |       |       |       |     3 |       ||     3
Invok: Disaster Area     |       |       |     1 |     6 |     9 |    11 |    14 |       ||    41
       Upheaval          |       |       |       |     1 |     2 |       |       |       ||     3
  Use: Potion            |     1 |       |     1 |     4 |     7 |     2 |       |       ||    15
       Scroll            |       |       |       |       |     4 |       |       |       ||     4
 Stab: Invisible         |       |       |       |       |       |    17 |       |       ||    17
  Eat: Chunk             |       |       |       |       |     3 |     1 |     1 |       ||     5
       Ration            |       |       |       |       |       |     1 |     3 |       ||     4
Armor: Gold dragon scale |       |     4 |    12 |     8 |    18 |    51 |    21 |       ||   114
Dodge: Dodged            |       |       |     1 |     2 |    12 |    50 |    21 |       ||    86
       Deflected         |       |       |       |       |     4 |     2 |     3 |       ||     9
Block: Shield            |     2 |    25 |    76 |    77 |   202 |   246 |   131 |     5 ||   764
       Reflection        |       |       |       |       |    30 |    18 |    10 |       ||    58

Table legend:
 A = Spawn XP
 B = Non-spawn XP
 C = Spawn XP percentage of total XP
 D = Spawn monster count
 E = Non-spawn monster count
 F = Spawn count percentage of total count
 G = Total turns spent on level
                    A         B        C        D         E        F      G
               +---------+---------+-------+---------+---------+-------+---------
         Total |       0 |  471446 |   0.0 |       0 |     530 |   0.0 |  6955
               +---------+---------+-------+---------+---------+-------+---------
             D |       0 |  471446 |   0.0 |       0 |     530 |   0.0 |  6955
               +---------+---------+-------+---------+---------+-------+---------
